AoeStats
← HerpesLabialis

Black Forest

504219786Analyzed
2v2 RM · 29d ago on Sep 4, 2026· 63m 25s· 4 players
Game mode
Random Map
Map size
Medium (4 player)
Population
200
Speed
Normal
Resources
Standard
Victory
Conquest
Starting age
Dark Age
Ending age
Imperial Age
RankedLock teamsTeams togetherTeam positionsShared explorationLock speedFull tech treeHidden civsTurbo modeCheats
Victory
Defeat
🇲🇹 Mongols · Malta
766
+12
🇧🇷 Tupi · Brazil
746
+13
🇪🇸 Persians · Spain
686
-13
🇳🇱 Burgundians · Netherlands
664
-12
HerpesLabialis
0:43 Loom
10:18 Wheelbarrow
13:45 Feudal Age
14:57 Double-Bit Axe
15:05 Horse Collar
16:10 Bow Saw
18:35 Hand Cart
18:48 Town Watch
19:27 Stone Mining
19:29 Gold Mining
25:16 Castle Age
24:05 Stone Shaft Mining
24:11 Heavy Plow
24:20 Caravan
25:56 Gold Shaft Mining
27:57 Crop Rotation
27:42 Forging
27:23 Fletching
27:35 Scale Mail Armor
28:38 Squires
28:26 Arson
28:02 Pikeman
30:09 Ballistics
31:51 Burgundian Vineyards
36:22 Imperial Age
33:58 Town Patrol
34:20 Masonry
34:57 Man-at-Arms
36:10 Bodkin Arrow
36:16 Padded Archer Armor
36:38 Husbandry
36:00 Light Cavalry
37:37 Conscription
37:14 Halberdier
40:42 Iron Casting
40:15 Scale Barding Armor
40:27 Leather Archer Armor
42:59 Elite Coustillier
43:34 Elite Skirmisher
43:35 Crossbowman
44:09 Treadmill Crane
48:53 Onager
51:03 Chemistry
52:49 Cavalier
52:50 Hussar
60:04 Fortified Wall
DOGMA CUM LAUDE
12:56 Feudal Age
14:08 Wheelbarrow
13:16 Horse Collar
13:24 Double-Bit Axe
16:13 Gold Mining
20:50 Castle Age
21:37 Hand Cart
21:38 Bow Saw
21:57 Caravan
22:09 Scale Barding Armor
22:18 Forging
23:51 Gold Shaft Mining
24:13 Stone Mining
24:28 Heavy Plow
26:57 Stone Shaft Mining
28:26 Chain Barding Armor
28:42 Iron Casting
29:11 Husbandry
29:09 Loom
29:09 Town Watch
30:16 Ballistics
29:52 Murder Holes
30:53 Town Patrol
30:33 Crossbowman
35:22 Imperial Age
33:42 Fletching
33:54 Padded Archer Armor
34:15 Bloodlines
34:22 Bodkin Arrow
35:26 Leather Archer Armor
35:44 Thumb Ring
36:02 Conscription
36:43 Kamandaran
36:31 Cavalier
38:33 Blast Furnace
40:12 Ring Archer Armor
41:13 Two-Man Saw
41:37 Chemistry
42:46 Plate Barding Armor
43:30 Squires
43:20 Arson
43:41 Savar
46:49 Devotion
47:06 Masonry
47:23 Citadels
49:58 Hoardings
48:45 Elite War Elephant
56:28 Architecture
Dtox
0:33 Loom
11:54 Feudal Age
17:49 Double-Bit Axe
20:43 Castle Age
19:12 Horse Collar
19:48 Stone Mining
22:15 Bow Saw
22:35 Heavy Plow
22:44 Gold Mining
24:58 Wheelbarrow
25:08 Town Watch
27:06 Fortified Wall
27:09 Scale Barding Armor
29:54 Hand Cart
34:20 Imperial Age
38:12 Bloodlines
38:03 Husbandry
38:31 Chain Barding Armor
38:12 Padded Archer Armor
38:03 Fletching
38:25 Forging
37:39 Heavy Cavalry Archer
41:35 Caravan
42:14 Bodkin Arrow
42:34 Leather Archer Armor
42:54 Iron Casting
43:03 Ballistics
43:43 Chemistry
43:28 Gold Shaft Mining
42:56 Bracer
43:14 Thumb Ring
43:35 Parthian Tactics
43:00 Elite Steppe Lancer
47:16 Nomads
47:37 Conscription
47:21 Nomads
55:30 Onager
59:08 Scale Mail Armor
60:08 Blast Furnace
59:11 Pikeman
59:52 Squires
Galo-Cego
0:31 Loom
14:08 Feudal Age
15:08 Double-Bit Axe
15:06 Horse Collar
15:37 Fishing Lines
16:11 Gold Mining
20:21 Wheelbarrow
23:02 Castle Age
21:54 Stone Mining
22:22 Forging
22:03 Fletching
24:13 Heavy Plow
24:28 Bow Saw
23:44 Pikeman
24:24 Squires
25:32 Town Watch
25:48 Bodkin Arrow
25:54 Padded Archer Armor
25:56 Scale Mail Armor
27:18 Caravan
29:05 Redemption
29:16 Sanctity
28:57 Devotion
28:52 Herbal Medicine
32:53 Iron Casting
32:33 Leather Archer Armor
32:34 Chain Mail Armor
31:43 Elite Skirmisher
36:21 Caciques
38:48 Imperial Age
37:54 Heated Shot
38:26 Ballistics
39:02 Town Patrol
39:15 Murder Holes
40:36 Chemistry
39:26 Arrowslits
40:17 Plate Mail Armor
40:46 Conscription
39:52 Crossbowman
41:41 Bracer
42:12 Ring Archer Armor
42:23 Arbalester
43:29 Hand Cart
44:19 Two-Man Saw
43:55 Gold Shaft Mining
42:57 Halberdier
48:13 Elite Blackwood Archer
49:00 Curare
62:24 Illumination
62:20 Faith
Connection lost

Rejoining the realm…

Still unreachable

The connection could not be restored.

Session expired

The server has moved on; the page needs a fresh start.